 Dungeon Crawl Stone Soup version 0.27-a0-720-g3f424a255b (webtiles) character file.

Game seed: 8863700293092516906

2 PentaManta the Ducker (level 1, 0/11 HPs)
             Began as a Spriggan Abyssal Knight on Mar 23, 2021.
             Was an Initiate of Lugonu.
             Killed by Freeze
             ... invoked by an ooze
              (4 damage)
             ... on level 1 of the Dungeon.
             The game lasted 00:00:51 (194 turns).

PentaManta the Ducker (Spriggan Abyssal Knight)      Turns: 194, Time: 00:00:52

Health: 0/11       AC:  2    Str:  8    XL:     1   Next: 25%
Magic:  3/3        EV: 17    Int: 13    God:    Lugonu [......]
Gold:   10         SH:  0    Dex: 14    Spells: 0/0 levels left

rFire    . . .     SeeInvis +   a - +1 short sword
rCold    . . .     Faith    .   (shield restricted)
rNeg     . . .     Spirit   .   b - +0 robe
rPois    .         Reflect  .   (helmet restricted)
rElec    .         Harm     .   (no cloak)
rCorr    .         Rampage  .   (gloves unavailable)
Will     .....                  (boots unavailable)
Stlth    +.........             (no amulet)
HPRegen  0.03/turn              (no ring)
MPRegen  0.08/turn              (no ring)

@: very quick
A: very small, no large weapons, unfitting armour, see invisible, speed 3
a: Renounce Religion


You were on level 1 of the Dungeon.
You worshipped Lugonu.
Lugonu was noncommittal.
You visited 1 branch of the dungeon, and saw 1 of its levels.
You visited the Abyss 1 time.

You collected 10 gold pieces.

Inventory:

Hand Weapons
 a - a +1 short sword (weapon)
Armour
 b - a +0 robe (worn)


   Skills:
 + Level 2.4 Fighting
 - Level 2.1 Short Blades
 + Level 3.2 Dodging
 + Level 0.5 Stealth
 - Level 1.7 Invocations


You couldn't memorise any spells.
You didn't know any spells.
Your spell library was empty.

Dungeon Overview and Level Annotations

Branches:
Dungeon (1/15)

Altars:


Innate Abilities, Weirdness & Mutations

You are very small and have problems with some larger weapons.
You are too small for most types of armour.
You have supernaturally acute eyesight. (SInv)
You cover ground extremely quickly. (Speed+++)


Message History

The bat is moderately wounded.
The bat closely misses you. The bat hits you.
You hit the bat but do no damage.
The bat is moderately wounded.
The bat completely misses you. The bat closely misses you.
Found a scroll labelled JAMYPN ZYUHA.
You miss the bat.
The bat is moderately wounded.
The bat completely misses you. The kobold misses you.
The ooze barely misses you. The bat closely misses you.
The ooze jiggles.
Found a stone staircase leading down.
A kobold comes into view. It is wielding a +0 short sword.
You see here a scroll labelled JAMYPN ZYUHA.
The bat hits you but does no damage. The ooze hits you but does no damage.
You barely miss the bat.
The bat is moderately wounded.
The bat closely misses you. The bat hits you but does no damage.
The ooze freezes you.
You are frozen.
The bat misses you.
You see here a scroll labelled JAMYPN ZYUHA.
You barely miss the bat. The bat closely misses you.
You closely miss the bat. The bat hits you but does no damage.
The bat closely misses you.
You closely miss the bat. The bat closely misses you.
You closely miss the bat. The bat misses you. The bat closely misses you.
You hit the ooze but do no damage. The bat completely misses you.
The ooze completely misses you.
You hit the ooze but do no damage. The bat hits you but does no damage.
The ooze freezes you.
You are frozen.
You hit the ooze but do no damage. The bat misses you. The bat hits you.
The ooze freezes you.
You are frozen.
You are too injured to fight recklessly!
You closely miss the bat. The bat hits you. The ooze freezes you.
You are frozen.
You die...

#.## #
######..#.#.#
.........#...#
.........##..#
.........##..#
..........#..#
..........##K#
.........gK#b#
.........#SJ@#
........#####
........#
.......$.
........#
#########


You could see an ooze, a goblin, a bat, a ball python and 2 kobolds.

Vanquished Creatures
  A hobgoblin (D:1)
  A rat (D:1)
2 creatures vanquished.

Vanquished Creatures (others)
  13 plants (D:1)
13 creatures vanquished.

Grand Total: 15 creatures vanquished

Notes
Turn   | Place    | Note
-------+----------+-------------------------------------------
     0 | Abyss:1  | PentaManta the Spriggan Abyssal Knight began the quest for
                  | the Orb.
     0 | Abyss:1  | Reached XP level 1. HP: 11/11 MP: 3/3
     0 | Abyss:1  | Found a sparkling altar of Nemelex Xobeh.
    41 | Abyss:1  | Noticed a kobold demonologist
    42 | D:1      | Escaped the Abyss
   194 | D:1      | Killed from afar by an ooze

Illustrated notes

Levels and vault maps discovered:
D:1:      roderic_crop_circles_arrival_small, layout_basic

Action                   || total
-------------------------++-------
Melee: Short sword       ||    28
Invok: Depart the Abyss  ||     1
Armor: Robe              ||     6
Dodge: Dodged            ||    25

Table legend: (Time is in decaauts)
 A = Elapsed time spent in this place.
 B = Non-inter-level travel time spent in this place.
 C = Inter-level travel time spent in this place.
 D = Time resting spent in this place.
 E = Time spent auto-exploring this place.
 F = Levels seen in this place.
 G = Mean time per level.
                   A        B        C        D        E       F      G
               +--------+--------+--------+--------+--------+-----+--------+
         Total |    156 |    156 |      0 |      0 |    106 |   2 |   78.0 |
       Dungeon |    131 |    131 |      0 |      0 |     81 |   1 |  131.0 |
         Abyss |     25 |     25 |      0 |      0 |     24 |   1 |   25.0 |
               +--------+--------+--------+--------+--------+-----+--------+

Top non-repeatable levels by time:
     D:1: 131 daAuts
 Abyss:1: 25 daAuts
